 Dungeon Crawl Stone Soup version 0.19-a0-1882-gbb73ea0 (webtiles) character file.

5793 Yakui the Spear-Bearer (level 10, 0/85 HPs)
             Began as a Merfolk Gladiator on Aug 3, 2016.
             Slain by Snorg (3 damage)
             ... on level 10 of the Dungeon on Oct 14, 2016.
             The game lasted 00:44:01 (9908 turns).

Yakui the Spear-Bearer (Merfolk Gladiator)          Turns: 9908, Time: 00:44:03

Health: 0/85       AC:  8    Str: 16    XL:     10   Next: 79%
Magic:  10/10      EV: 17    Int:  8    God:
Gold:   535        SH:  0    Dex: 13    Spells: 0 memorised, 9 levels left

rFire  . . .     SeeInvis .     k - +0 trident (venom)
rCold  + . .     Gourm    .     N - +0 troll leather armour
rNeg   . . .     Faith    .     (no shield)
rPois  +         Spirit   .     b - +1 helmet of Miracles {+Fly rPois MR+ Dex-4}
rElec  .         Dismiss  .     i - +0 cloak
rCorr  .         Reflect  .     y - +0 pair of gloves
MR     ++...     Harm     .     (no boots)
Stlth  ++........               (no amulet)
                                l - ring of protection from magic
                                A - ring of protection from cold

@: no status effects
A: change form in water, swift swim, stealthy swim
a: Evoke Flight


You were on level 10 of the Dungeon.
You were not hungry.

You visited 1 branch of the dungeon, and saw 10 of its levels.
You also visited: Sewer.

You collected 580 gold pieces.
You spent 45 gold pieces at shops.

Inventory:

Hand Weapons
 k - a +0 trident of venom (weapon)
Missiles
 d - 3 throwing nets
 t - 137 stones (quivered)
Armour
 b - the +1 helmet of Miracles (worn) {+Fly rPois MR+ Dex-4}
   (You took it off Robin on level 1 of the Dungeon)

   It affects your dexterity (-4).
   It protects you from poison.
   It affects your resistance to hostile enchantments.
   It lets you fly.
 c - a +0 helmet
 g - a +2 ring mail of cold resistance
 i - a +0 cloak (worn)
 y - a +0 pair of gloves (worn)
 K - a +0 chain mail of poison resistance
 N - a +0 troll leather armour (worn)
Rods
 G - a +0 lightning rod (11/11)
   (You found it on level 7 of the Dungeon)
Jewellery
 l - a ring of protection from magic (right hand)
 u - an uncursed ring of flight
 w - an uncursed ring of magical power
 A - a ring of protection from cold (left hand)
 M - an uncursed ring of ice
Wands
 a - a wand of lightning (7/15)
 o - a wand of iceblast (15/15)
 E - a wand of iceblast (7/15)
 J - a wand of teleportation (5/9)
Scrolls
 p - a scroll of immolation
 r - 7 scrolls of teleportation
 D - 3 scrolls of remove curse
 I - a scroll of enchant weapon
Potions
 e - 4 potions of flight
 h - a potion of magic
 j - 2 potions of resistance
 m - 3 potions of curing {unknown}
 n - a potion of cancellation
 q - a potion of invisibility
 v - 2 potions of heal wounds {unknown}
 x - 6 potions of brilliance {unknown}
 z - 2 potions of might {unknown}
 C - 3 potions of lignification {unknown}
 H - a potion of berserk rage {unknown}
 O - a potion of degeneration {unknown}
Comestibles
 f - 11 bread rations
 s - 4 meat rations
 B - 2 royal jellies
 L - a beef jerky


   Skills:
 * Level 10.1 Fighting
 - Level 14.2 Polearms
 - Level 2.0 Throwing
 + Level 10.3 Dodging
 - Level 4.6 Stealth


You had 9 spell levels left.
You didn't know any spells.

Dungeon Overview and Level Annotations

Branches:
Dungeon (10/15)            Temple (0/1) D:5
   Lair: D:8-11         Orc: D:9-12

Altars:
Ashenzari
Dithmenos
Elyvilon
Fedhas
Makhleb
Sif Muna
Trog

Shops:
D:5 ?   D:6 %

Portals:
Trove: D:10 (give 2 scrolls of acquirement)

Annotations:
D:5 exclusion: oklob plant
D:9 Erica
D:10 Snorg, Urug


Message History

You hit Snorg.
Snorg looks as sick as possible!
Snorg is heavily wounded.
You puncture Snorg!
Snorg looks as sick as possible!
Snorg is severely wounded.
Snorg goes berserk!
Snorg bites you!! Snorg claws you. Snorg closely misses you.
You hit Snorg.
Snorg looks as sick as possible!
Snorg is severely wounded.
Snorg barely misses you. Snorg claws you!!
* * * LOW HITPOINT WARNING * * *
Snorg completely misses you.
You puncture Snorg!
Snorg is severely wounded.
As you read the scroll of fear, it crumbles to dust.
You assume a fearsome visage.
Snorg closely misses you. Snorg claws you!
* * * LOW HITPOINT WARNING * * *
Snorg claws you.
* * * LOW HITPOINT WARNING * * *
Snorg barely misses you. Snorg claws you.
You die...

#.##.##.#......##....o..
#.##.##.#......# .....
#.##.##.######.# ....
#.......# ####.####.....
####.######............!
#.# ##.#.#####.##..##
#.###.#..#####.# .
#.##.###.......# #
#...@T#...#.##.##..#.
######.#..#......(...
###.......#.....
##......# ###. ########


You could see Snorg (berserk).

Vanquished Creatures
  A gargoyle (D:9)
  A troll (D:9)
  4 two-headed ogres
  2 hippogriffs
  4 yaks (D:9)
  A hungry ghost (D:8)
  The ghost of CcS the Firebug, an amateur OpFE (D:3)
  3 ice beasts
  Purgy (Sewer)
  A sky beast (D:5)
  2 black bears
  A phantom (D:6)
  4 ogres
  2 centaurs
  2 big kobolds
  2 bullfrogs
  A wyvern zombie (D:6)
  A wyvern skeleton (D:10)
  5 scorpions
  4 killer bees (D:7)
  2 howler monkeys (D:8)
  A crimson imp (D:4)
  A bullfrog zombie (D:5)
  A centaur zombie (D:5)
  8 orc priests
  A centaur skeleton (D:9)
  A jelly (D:9)
  4 hounds
  Crazy Yiuf (D:2)
  Jessica (D:3)
  3 iguanas
  5 worker ants
  2 hound skeletons
  Robin (D:1)
  8 gnolls
  11 adders
  4 shadow imps
  2 oozes (D:4)
  A worm (D:2)
  3 dart slugs
  12 leopard geckos
  16 orcs
  7 giant cockroaches
  10 goblins
  9 hobgoblins
  10 jackals
  5 quokkas
  A ball python (Sewer)
  3 bats
  7 frilled lizards
  A jackal skeleton (D:4)
  18 kobolds
  2 leopard gecko zombies
  10 rats
215 creatures vanquished.

Notes
Turn   | Place    | Note
-------+----------+-------------------------------------------
     0 | D:1      | Yakui the Merfolk Gladiator began the quest for the Orb.
     0 | D:1      | Reached XP level 1. HP: 16/16 MP: 1/1
     0 | D:1      | Upgraded the game from 0.19-a0-1065-gdac414d to 0.19-a0-1091-g463c9de
    14 | D:1      | Reached skill level 1 in Stealth
    56 | D:1      | Reached XP level 2. HP: 22/22 MP: 2/2
   705 | D:2      | Found a runed door.
   748 | D:2      | Reached XP level 3. HP: 26/27 MP: 3/3
   793 | D:2      | Noticed Robin
   971 | D:1      | Killed Robin
   973 | D:1      | Got a distressingly furry helmet
   984 | D:1      | Identified the +1 helmet of Miracles {+Fly rPois MR+ Dex-4} (You took it off Robin on level 1 of the Dungeon)
  1146 | D:2      | Reached skill level 5 in Polearms
  1211 | D:2      | Reached XP level 4. HP: 17/34 MP: 4/4
  1623 | D:2      | Noticed Crazy Yiuf
  1719 | D:2      | Killed Crazy Yiuf
  2016 | D:3      | Reached XP level 5. HP: 30/40 MP: 5/5
  2174 | D:3      | Reached skill level 6 in Polearms
  2379 | D:3      | Noticed Jessica
  2608 | D:3      | Killed Jessica
  2608 | D:3      | Reached skill level 5 in Dodging
  2611 | D:3      | Found a deep blue altar of Sif Muna.
  2678 | D:3      | Noticed CcS's ghost (amateur OpFE)
  2685 | D:3      | Killed CcS's ghost
  2685 | D:3      | Reached skill level 7 in Polearms
  2685 | D:3      | Reached XP level 6. HP: 37/48 MP: 6/6
  3279 | D:4      | Reached XP level 7. HP: 37/54 MP: 7/7
  3285 | D:4      | Reached skill level 8 in Polearms
  3528 | D:4      | Found a bloodstained altar of Trog.
  3895 | D:4      | Reached skill level 9 in Polearms
  4050 | D:4      | Reached skill level 5 in Fighting
  4358 | D:5      | Entered Level 5 of the Dungeon
  4440 | D:5      | Reached XP level 8. HP: 61/62 MP: 8/8
  4562 | D:5      | Found Voiruir's Magic Scroll Boutique.
  4567 | D:5      | Bought a scroll of remove curse for 45 gold pieces
  4658 | D:5      | Reached skill level 10 in Polearms
  4802 | D:5      | Found a blossoming altar of Fedhas.
  4871 | D:5      | Found a staircase to the Ecumenical Temple.
  5029 | D:5      | Found a glowing drain.
  5037 | Sewer    | Entered a sewer
  5148 | Sewer    | Noticed Purgy
  5162 | Sewer    | Killed Purgy
  5487 | D:5      | Noticed an oklob plant
  5707 | D:6      | Found Uheu's Food Shoppe.
  5778 | D:6      | Reached skill level 11 in Polearms
  5905 | D:6      | Reached XP level 9. HP: 59/71 MP: 9/9
  6805 | D:7      | Upgraded the game from 0.19-a0-1091-g463c9de to 0.19-a0-1155-gb6eeeff
  6807 | D:7      | Found a shadowy altar of Dithmenos.
  6808 | D:7      | Found a burning altar of Makhleb.
  6822 | D:7      | Reached skill level 12 in Polearms
  6847 | D:7      | Found a shattered altar of Ashenzari.
  6847 | D:7      | Found a white marble altar of Elyvilon.
  6851 | D:7      | Upgraded the game from 0.19-a0-1155-gb6eeeff to 0.19-a0-1882-gbb73ea0
  7460 | D:8      | Reached skill level 13 in Polearms
  7483 | D:8      | Noticed a two-headed ogre
  8140 | D:8      | Killed a two-headed ogre
  8274 | D:9      | Reached XP level 10. HP: 65/80 MP: 10/10
  8296 | D:9      | Reached skill level 14 in Polearms
  8496 | D:9      | Noticed a gargoyle
  8530 | D:9      | Killed a gargoyle
  9014 | D:9      | Reached skill level 10 in Dodging
  9084 | D:9      | Noticed Erica
  9431 | D:9      | Got a polished mace
  9432 | D:9      | Identified the +2 mace of Gallantry {holy, rF+} (You found it on level 9 of the Dungeon)
  9551 | D:10     | Entered Level 10 of the Dungeon
  9563 | D:10     | Found a portal to a secret trove of treasure.
  9573 | D:10     | Noticed Urug
  9605 | D:10     | Reached skill level 10 in Fighting
  9880 | D:10     | Noticed Snorg
  9908 | D:10     | HP: 3/85 [Snorg (2)]
  9908 | D:10     | Slain by Snorg

Vault maps used:
D:1:      erik_arrival_cave_to_civilisation
D:2:      grunt_decor_fettered, uniq_crazy_yiuf_cottage, uniq_robin
D:3:      kennysheep_big_flooded_room, tgw_sif, minmay_misc_feat_square
D:4:      bloody_trog, lemuel_another_geyser
D:5:      first_bread, lightli_sewer_entry_pipes, serial_shops, shop_statue,
          tgw_fedhas
D:6:      black_bear_nest_1, serial_shops, shop
D:7:      grunt_temple_overflow_open
D:9:      uniq_erica
D:10:     enter_trove_1, nrook_pool_corridor, uniq_urug, uniq_snorg
Sewer:    sewer_co_purgy_island

Skill      XL: |  1  2  3  4  5  6  7  8  9 10 |
---------------+-------------------------------+-----
Stealth        | 1 3 4 |  4.6
Polearms       | 5 7 9 11 13 14 | 14.2
Fighting       | 3 4 5 6 7 10 | 10.1
Dodging        | 5 6 8 9 10 | 10.3
Throwing       | |  2.0

Action                   |  1- 3 |  4- 6 |  7- 9 | 10-12 || total
-------------------------+-------+-------+-------+-------++-------
Melee: Trident           |   124 |   168 |   559 |   196 ||  1047
       Tailslap          |       |       |     2 |       ||     2
  Use: Scroll            |       |     4 |     9 |     5 ||    18
 Stab: Sleeping          |     2 |       |     3 |     2 ||     7
  Eat: Chunk             |     1 |     5 |     8 |     4 ||    18
       Royal jelly       |       |     1 |       |       ||     1
       Meat ration       |       |       |     2 |       ||     2
       Pizza             |       |       |     1 |       ||     1
       Beef jerky        |       |       |       |     1 ||     1
Armor: Ring mail         |    31 |    43 |   144 |     7 ||   225
       Leather armour    |     5 |       |       |       ||     5
       Troll leather arm |       |       |       |    13 ||    13
Dodge: Dodged            |    70 |    89 |   276 |   103 ||   538
